 Dungeon Crawl Stone Soup version 0.31.0-11-ge490571c62 (webtiles) character file.

Game seed: 7316541477468908814

36 Esekla the Conjurer (level 3, -4/28 HPs)
             Began as a Naga Wanderer on Jan 28, 2024.
             Slain by a gnoll
             ... wielding a +0 flail
              (12 damage)
             ... on level 2 of the Dungeon.
             The game lasted 00:09:34 (1102 turns).

Esekla the Conjurer (Naga Wanderer)                 Turns: 1102, Time: 00:09:34

Health: -4/28      AC:  3    Str: 13    XL:     3   Next: 37%
Magic:  1/4        EV:  8    Int: 15    God:
Gold:   95         SH:  0    Dex: 10    Spells: 0/4 levels left

rFire   . . .        a - +0 dagger
rCold   . . .        (no shield)
rNeg    . . .        c - +0 ring mail
rPois   +            (no helmet)
rElec   .            (no cloak)
rCorr   .            (no gloves)
SInv    +            (no barding)
Will    .....        (no amulet) Stlth
                     (no ring)
HPRegen 0.24/turn    (no ring)
MPRegen 0.09/turn

%: no passive effects
@: short of breath, very slow
A: AC +1, large, see invisible, deformed body, poison resistance, slowness 2,
spit poison 1, naga tail 1
a: Spit Poison


You were on level 2 of the Dungeon.
You visited 1 branch of the dungeon, and saw 2 of its levels.

You collected 95 gold pieces.

Inventory:

Hand Weapons
 a - a +0 dagger (weapon)
Armour
 c - a +0 ring mail (worn)
 e - a +0 buckler
Jewellery
 f - an amulet of faith
Scrolls
 h - a scroll of noise {unknown}
Potions
 b - a potion of attraction
 d - a potion of enlightenment {unknown}
 g - a potion of curing {unknown}
 j - a potion of ambrosia {unknown}


   Skills:
 * Level 0.3 Fighting
 + Level 1.0 Throwing
 - Level 1.5 Armour
 + Level 1.0 Dodging
 * Level 1.3 Spellcasting
 + Level 4.4 Conjurations
 * Level 0.5 Ice Magic
 * Level 1.4 Air Magic
 * Level 1.2 Alchemy


You couldn't memorise any spells.
You knew the following spells:

 Your Spells              Type           Power      Damage    Failure   Level
a - Sting                 Conj/Alch      36%        1d5       16%         1
c - Mephitic Cloud        Conj/Alch/Air  8%         N/A       50%         3

Your spell library contained the following spells:

 Spells                   Type           Power      Damage    Failure   Level
 Shock                    Conj/Air       36%        1d5       16%         1
 Hailstorm                Conj/Ice       8%         3d5       50%         3
 Frozen Ramparts          Ice            4%         1d1       77%         3
 Brom's Barrelling Bould  Conj/Erth      7%         2d3       90%         4
 Leda's Liquefaction      Alch/Erth      1%         N/A       98%         4
 Petrify                  Alch/Erth      2%         N/A       98%         4
 Metabolic Englaciation   Hex/Ice        0%         N/A       100%        5


Dungeon Overview and Level Annotations

Branches:
Dungeon (2/15)

Altars:
Elyvilon


Innate Abilities, Weirdness & Mutations

Your serpentine skin is tough. (AC +1)
You have supernaturally acute eyesight. (SInv)
Armour fits poorly on your strangely shaped body.
Your system is resistant to poisons. (rPois)
You cover ground very slowly.
You can spit poison.
You have a snake-like lower body.


Message History

The sting hits the gnoll.
The gnoll is poisoned.
The gnoll is lightly wounded.
Casting: Sting (safe; 17% risk of failure)
Confirm with . or Enter, or press ? or * to list all spells.
Aiming: Sting (safe; 17% risk of failure)
Press: ? - help, Shift-Dir - straight line, f - gnoll, p - gnoll
Aim: a gnoll, wielding a +0 flail (72% to hit)
The sting misses the gnoll.
The sting hits the gnoll.
The gnoll is poisoned.
The gnoll is lightly wounded.
A gnoll comes into view. It is wielding a +0 spear.
You have got your breath back.
The gnoll hits you from afar with a +0 halberd!
Casting: Sting (safe; 17% risk of failure)
Confirm with . or Enter, or press ? or * to list all spells.
Aiming: Sting (safe; 17% risk of failure)
Press: ? - help, Shift-Dir - straight line, f/p - gnoll
Aim: a gnoll, wielding a +0 flail (heavily wounded, poisoned, 72% to hit)
The sting hits the gnoll but does no damage.
The gnoll looks even sicker.
The gnoll is moderately wounded.
The gnoll shouts!
The gnoll hits you from afar with a +0 halberd.
Aiming: Spit Poison (2% risk of failure)
Press: ? - help, Shift-Dir - straight line, f/p - gnoll
Aim: a gnoll, wielding a +0 flail (heavily wounded, poisoned, 65% to hit)
The splash of poison hits the gnoll.
The gnoll looks even sicker.
The gnoll is severely wounded.
You kill the gnoll!
Casting: Sting (safe; 16% risk of failure)
Confirm with . or Enter, or press ? or * to list all spells.
Aiming: Sting (safe; 16% risk of failure)
Press: ? - help, Shift-Dir - straight line, f/p - gnoll
Aim: a gnoll, wielding a +0 flail (heavily wounded, poisoned, 72% to hit)
The sting misses the gnoll.
The gnoll looks more healthy.
As you read the scroll labelled KATHRA EZUNYX, it crumbles to dust.
Wisps of shadow whirl around you...
It was a scroll of summoning.
The gnoll hits you with a +0 flail.
* * * LOW HITPOINT WARNING * * *
Your hobgoblin hits the gnoll. The gnoll hits you with a +0 flail!
You die...

#...............#
#.........#####.#
#.#####.##......#####.#
#..........##......##.#
#######.#####...##.##.#
###g### ###.##.##.#
#.....# #.......#
#.S.g.# ##...####
#...@g# #...# #.....#
#...# #.....# ##.##
####### #.# #.# #.# #.#
#.# #.#


You could see 2 gnolls, a friendly hobgoblin (summoned) and a friendly ball
python (summoned).

Vanquished Creatures
  A gnoll (D:2)
  An endoplasm (D:1)
  3 giant cockroaches
  A goblin (D:1)
  A hobgoblin (D:1)
  4 jackals
  3 kobolds
  2 quokkas
  4 ball pythons
  A bat (D:1)
  4 rats
25 creatures vanquished.

Notes
Turn   | Place    | Note
-------+----------+-------------------------------------------
     0 | D:1      | Esekla the Naga Wanderer began the quest for the Orb.
     0 | D:1      | Esekla set off with the following items: a +0 club, a
                  | potion of attraction, a +0 ring mail; and the following
                  | spells available to memorise: Shock, Sting, Hailstorm,
                  | Mephitic Cloud, Brom's Barrelling Boulder.
     0 | D:1      | Reached XP level 1. HP: 15/15 MP: 2/2
     2 | D:1      | Learned a level 1 spell: Sting
   188 | D:1      | Reached XP level 2. HP: 18/22 MP: 0/3
   713 | D:2      | Reached skill level 1 in Alchemy
   724 | D:2      | Found a white marble altar of Elyvilon.
   926 | D:2      | Reached XP level 3. HP: 23/28 MP: 2/4
   934 | D:2      | Learned a level 3 spell: Mephitic Cloud
  1102 | D:2      | Slain by a gnoll

Illustrated notes

Levels and vault maps discovered:
D:1:      matt_arrival_spirals, layout_rooms, serial_curves, eino_curves_02,
          eino_curves_02
D:2:      layout_loops_cross, basic_altar, minmay_small_reverse_x

Skill      XL: |  1  2 |
---------------+-------+-----
Alchemy        | 1 |  1.2
Fighting       | |  0.3
Throwing       | |  1.0
Armour         | |  1.5
Dodging        | |  1.0
Spellcasting   | |  1.3
Conjurations   | |  4.4
Ice Magic      | |  0.5
Air Magic      | |  1.4

Action                     || total
---------------------------++-------
  Melee: Dagger            ||    30
         Club              ||     1
   Cast: Sting             ||    19
Ability: Spit Poison       ||    22
    Use: Scroll            ||     1
 Armour: Ring mail         ||    36
  Dodge: Dodged            ||    23
